Map: Ulrena

Players

zidar

  • Race: Zerg Zerg
  • League: Silver
  • Spawn Location: 7:00

bikez - Winner!

  • Race: Protoss Protoss
  • Spawn Location: 11:00

VOD

Have the link to the VOD?

Description

Time

  • Played on: Feb. 12, 2016, 1:07 p.m.
  • Length: 15:05
Show
View Real Time Build Order
Export as new Build Order

zidar Zerg 

Build Orders: Pool First 

Get SALT Encoding   

  12  0:02  Drone  
  13  0:12  Overlord  
  13  0:17  Drone  
  14  0:31  Drone x2  
  14  0:34  Drone  
  17  0:48  Spawning Pool  
  17  0:49  Drone  
  17  0:53  Extractor  
  17  1:14  Hatchery  
  17  1:15  Drone  
  17  1:18  Extractor  
  17  1:19  Drone  
  17  1:26  Drone  
  18  1:37  Drone  
  18  1:39  Queen  
  21  1:42  Drone  
  22  1:50  Overlord  
  22  2:11  Drone x2  
  24  2:17  Queen  
  24  2:22  Metabolic Boost  
  26  2:33  Drone  
  26  2:34  Drone x2  
  29  2:48  Hatchery  
  28  2:55  Queen  
  31  2:58  Drone  
  31  2:59  Drone  
  32  3:07  Extractor  
  31  3:25  Drone  
  31  3:26  Roach Warren, Drone x4  
  35  3:30  Overlord x2  
  35  3:41  Overlord  
  35  3:47  Queen  
  37  4:13  Roach  
  37  4:14  Roach x6  
  51  4:35  Spore Crawler  
  50  4:39  Lair  
  50  4:44  Spore Crawler  
  49  4:46  Spore Crawler  
  48  5:01  Roach  
  48  5:02  Roach  
  48  5:03  Roach x3  
  48  5:06  Overlord x3  
  48  5:07  Overlord  
  58  5:26  Drone x11  
  69  5:51  Hydralisk Den  
  68  6:01  Zergling x8  
  68  6:02  Zergling x6  
  75  6:20  Lurker Den  
  75  6:29  Evolution Chamber  
  75  6:30  Spire  
  75  6:31  Evolution Chamber  
  51  7:20  Roach x9  
  51  7:21  Roach x3, Hydralisk x3  
  79  7:30  Extractor  
  79  7:31  Extractor  
  69  7:50  Extractor  
  68  7:52  Hydralisk x3  
  68  7:53  Hydralisk  
  68  7:54  Extractor  
  75  8:16  Overseer  
  75  8:19  Drone x9  
  84  8:45  Zergling x2  
  84  8:46  Zergling x10  
  90  8:50  Overlord  
  90  8:51  Overlord x2  
  84  9:14  Hydralisk  
  84  9:15  Hydralisk x11  
  90  9:25  Hydralisk  
  90  9:26  Corruptor  
  90  9:27  Corruptor  
  82  9:51  Corruptor  
  82  9:52  Corruptor x2  
  88  10:03  Zerg Flyer Weapons Level 1  
  88  10:06  Zerg Ground Armor Level 1  
  88  10:23  Corruptor  
  88  10:24  Corruptor x2  
  94  10:42  Corruptor  
  94  10:43  Corruptor x2  
  48  11:40  Corruptor  
  48  11:41  Corruptor x3  
  48  11:42  Corruptor x4  
  48  11:43  Corruptor  
  48  11:44  Hydralisk  
  68  11:52  Drone x2  
  68  11:53  Drone  
  71  11:55  Drone  
  71  11:58  Drone  
  71  12:00  Drone  
  74  12:20  Corruptor  
  74  12:21  Corruptor x2  
  80  12:36  Zerg Missile Weapons Level 1  
  80  12:50  Drone x3  
  80  12:51  Drone x3  
  86  13:01  Hydralisk  
  86  13:02  Hydralisk x4  
  96  13:06  Hydralisk  
  96  13:07  Hydralisk  
  100  13:14  Overseer  
  100  13:19  Corruptor x2  
  104  13:35  Hydralisk  
  104  13:39  Overlord x2  
  104  13:40  Overlord  
  106  14:01  Hydralisk x8  
  123  14:02  Zergling x2  
  123  14:03  Zergling x2  
  123  14:05  Zergling x2  
  123  14:07  Zergling x2  
  123  14:08  Zergling x2  
  127  14:10  Zergling x2  
  127  14:16  Corruptor  
  120  14:56  Hatchery  
Show
View Real Time Build Order
Export as new Build Order

bikez Protoss - Winner!

Build Orders: Carriers 

Get SALT Encoding   

  12  0:03  Probe (Chrono Boost)  
  13  0:13  Probe (Chrono Boost)  
  14  0:25  Pylon  
  14  0:29  Probe (Chrono Boost)  
  15  0:44  Probe (Chrono Boost)  
  16  0:50  Forge  
  16  0:54  Probe (Chrono Boost)  
  16  0:56  Pylon  
  17  1:05  Probe (Chrono Boost)  
  17  1:11  Assimilator  
  18  1:17  Probe (Chrono Boost)  
  19  1:27  Probe (Chrono Boost)  
  20  1:32  Photon Cannon  
  20  1:35  Assimilator  
  20  1:56  Nexus  
  20  2:03  Photon Cannon  
  20  2:13  Gateway  
  20  2:16  Probe (Chrono Boost)  
  21  2:27  Probe (Chrono Boost)  
  22  2:37  Probe (Chrono Boost)  
  23  2:45  Pylon  
  23  2:48  Probe (Chrono Boost)  
  24  2:58  Probe (Chrono Boost)  
  24  3:05  Cybernetics Core  
  25  3:13  Pylon  
  25  3:17  Probe (Chrono Boost)  
  26  3:25  Photon Cannon  
  26  3:28  Probe (Chrono Boost)  
  27  3:34  Protoss Shields Level 1  
  27  3:38  Probe (Chrono Boost)  
  28  3:42  Mothership Core (Chrono Boost)  
  28  3:46  Stalker  
  32  3:49  Probe (Chrono Boost)  
  33  3:59  Probe (Chrono Boost)  
  33  4:02  Stargate  
  34  4:05  Protoss Air Weapons Level 1  
  34  4:10  Probe (Chrono Boost)  
  35  4:21  Probe (Chrono Boost)  
  36  4:26  Stalker  
  39  4:31  Probe (Chrono Boost)  
  39  4:42  Probe (Chrono Boost)  
  40  4:49  Nexus  
  40  4:52  Probe (Chrono Boost)  
  41  4:53  Assimilator  
  41  4:55  Assimilator  
  41  5:03  Probe (Chrono Boost)  
  41  5:05  Void Ray  
  46  5:07  Assimilator  
  46  5:09  Assimilator  
  46  5:13  Probe (Chrono Boost)  
  47  5:18  Twilight Council  
  47  5:22  Pylon  
  47  5:24  Probe (Chrono Boost)  
  48  5:29  Fleet Beacon  
  48  5:34  Probe (Chrono Boost)  
  49  5:45  Probe (Chrono Boost)  
  50  5:55  Probe (Chrono Boost)  
  50  5:56  Protoss Shields Level 2  
  51  6:06  Probe (Chrono Boost)  
  52  6:11  Probe (Chrono Boost)  
  52  6:16  Probe (Chrono Boost)  
  54  6:22  Probe (Chrono Boost)  
  55  6:27  Probe (Chrono Boost)  
  55  6:31  Probe (Chrono Boost)  
  57  6:36  Probe  
  64  6:41  Probe  
  64  6:46  Probe  
  65  6:52  Probe  
  66  6:57  Probe  
  67  7:02  Probe  
  67  7:06  Protoss Air Armor Level 1  
  68  7:18  Pylon  
  68  7:22  Carrier (Chrono Boost)  
  68  7:30  Pylon  
  68  7:31  Pylon  
  68  7:35  Probe  
  69  7:43  Pylon  
  69  7:48  Stalker  
  71  7:52  Stargate  
  71  7:57  Fleet Beacon  
  71  8:01  Stargate  
  71  8:05  Stargate  
  71  8:11  Probe  
  71  8:12  Robotics Facility, Probe  
  71  8:18  Stalker  
  75  8:22  Probe x2  
  75  8:23  Protoss Shields Level 3  
  77  8:33  Probe x2, Cybernetics Core  
  77  8:38  Pylon  
  79  8:43  Probe x2  
  79  8:44  Nexus  
  79  8:47  Assimilator  
  81  8:49  Assimilator  
  99  9:06  Observer  
  98  9:13  Carrier (Chrono Boost)  
  100  9:27  Carrier x2 (Chrono Boost)  
  100  9:28  Protoss Air Weapons Level 2  
  100  9:30  Protoss Air Armor Level 2  
  96  9:37  Probe  
  97  9:44  Probe  
  97  9:48  Probe  
  97  9:49  Probe  
  97  9:50  Carrier (Chrono Boost)  
  100  9:54  Probe  
  100  9:57  Probe  
  100  9:58  Probe  
  102  10:02  Mothership Core  
  102  10:05  Probe  
  106  10:08  Probe  
  106  10:09  Probe  
  108  10:16  Probe  
  108  10:18  Probe  
  108  10:19  Probe  
  111  10:24  Graviton Catapult  
  111  10:26  Probe  
  112  10:29  Probe  
  112  10:30  Probe  
  114  10:37  Probe  
  114  10:39  Probe  
  114  10:42  Pylon  
  116  10:45  Pylon  
  116  10:58  Probe  
  116  11:00  Probe, Pylon  
  130  11:05  Nexus  
  130  11:09  Pylon  
  124  11:18  Probe  
  124  11:20  Carrier (Chrono Boost)  
  124  11:23  Carrier (Chrono Boost)  
  125  11:31  Probe  
  126  11:39  Carrier (Chrono Boost)  
  126  11:43  Carrier (Chrono Boost)  
  126  11:44  Assimilator  
  126  11:46  Probe x2, Assimilator  
  126  11:47  Probe  
  129  11:56  Probe x2  
  129  11:59  Probe  
  132  12:07  Probe x2  
  132  12:12  Probe  
  141  12:17  Probe  
  141  12:18  Probe  
  141  12:20  Protoss Air Weapons Level 3  
  149  12:23  Protoss Air Armor Level 3  
  149  12:24  Probe  
  149  12:29  Probe  
  150  12:33  Carrier (Chrono Boost)  
  150  12:36  Carrier (Chrono Boost)  
  163  12:55  Carrier (Chrono Boost)  
  163  12:57  Carrier (Chrono Boost)  
  163  12:59  Pylon  
  163  13:00  Pylon  
  163  13:03  Pylon  
  163  13:04  Pylon  
  163  13:10  Stargate  
  163  13:13  Stargate  
  163  13:17  Probe  
  164  13:29  Probe  
  164  13:30  Nexus  
  177  13:43  Pylon  
  177  13:46  Assimilator  
  177  13:48  Assimilator  
  177  13:49  Carrier (Chrono Boost)  
  177  13:52  Carrier (Chrono Boost)  
  177  13:53  Pylon  
  195  14:21  Photon Cannon  
  195  14:22  Photon Cannon  
  195  14:24  Photon Cannon  
  195  14:26  Photon Cannon  
  195  14:27  Photon Cannon  
  195  14:30  Photon Cannon  
  195  14:32  Photon Cannon  
  195  14:33  Photon Cannon  
  195  14:34  Photon Cannon  
  195  14:35  Photon Cannon  
  195  14:36  Photon Cannon  
  195  14:38  Pylon  
  195  14:40  Pylon  
Tags
 
Composition
Carriers
League
Silver
Matchup
PvZ
Opening
Pool First
Spawn Locations
Close Positions
Add a new tag
Caveats
  • Supply blocks, unpowered buildings, or Contaminate may cause inaccurate times.
  • Supply counts are checked every 10 seconds.